 Dungeon Crawl Stone Soup version 0.28.0-49-g6dfe1f597d (webtiles) character file.

Game seed: 16673178294785705715

112 Zeld the Insei (level 4, -2/29 HPs)
             Began as an Octopode Transmuter on May 11, 2022.
             Killed by divine providence
             ... invoked by an orc priest
              (11 damage)
             ... on level 4 of the Dungeon.
             The game lasted 00:03:57 (4497 turns).

Zeld the Insei (Octopode Transmuter)                Turns: 4497, Time: 00:03:58

Health: -2/29      AC:  1    Str: 11    XL:     4   Next: 93%
Magic:  6/7        EV: 13    Int: 15    God:
Gold:   211        SH:  0    Dex: 12    Spells: 1/7 levels left

rFire   . . .      SeeInvis .     - Unarmed
rCold   . . .      Faith    .   (no shield)
rNeg    . . .      Spirit   .   (helmet currently unavailable)
rPois   .          Reflect  .   (no amulet)
rElec   .          Harm     .   (no ring)
rCorr   .          Rampage  .   (no ring)
Will    .....                   (no ring)
Stlth   +++.......              (no ring)
HPRegen 0.09/turn               (no ring)
MPRegen 0.10/turn               (no ring)
                                (no ring)
                                (no ring)

@: appendages (expiring)
A: tentacle spike 3, almost no armour, amphibious, 8 rings, camouflage 1,
gelatinous body 1, (nimble swimmer 1), tentacles
a: End Transformation


You were on level 4 of the Dungeon.
One of your tentacles had grown a beastly spike.
You visited 2 branches of the dungeon, and saw 5 of its levels.

You collected 211 gold pieces.

Inventory:

Scrolls
 a - 2 scrolls of teleportation {unknown}
 b - a scroll of torment {unknown}
 c - a scroll of fear {unknown}
 f - 2 scrolls of identify {unknown}
 g - a scroll of vulnerability {unknown}
 i - a scroll of enchant weapon {unknown}
Potions
 d - a potion of heal wounds {unknown}
 e - a potion of flight {unknown}
 h - a potion of degeneration {unknown}


   Skills:
 * Level 2.0 Fighting
 + Level 2.2 Dodging
 + Level 1.9 Stealth
 + Level 3.4 Unarmed Combat
 * Level 2.4 Spellcasting
 * Level 2.7 Transmutations
 + Level 0.7 Ice Magic
 + Level 1.5 Poison Magic


You had one spell level left.
You knew the following spells:

 Your Spells              Type           Power      Damage    Failure   Level
a - Beastly Appendage     Tmut           20%        N/A       7%          1
b - Wereblood             Tmut           10%        N/A       11%         2
c - Spider Form           Tmut/Pois      8%         N/A       26%         3

Your spell library contained the following spells:

 Spells                   Type           Power      Damage    Failure   Level
 Stone Arrow              Conj/Erth      2%         3d7       54%         3
 Ice Form                 Ice/Tmut       7%         N/A       71%         4
 Lehudib's Crystal Spear  Conj/Erth      0%         10d2      100%        8
 Animate Armour           Summ/Erth      Unusable   N/A       N/A         4

Dungeon Overview and Level Annotations

Branches:
Dungeon (4/15)             Temple (1/1) D:4

Altars:
Ashenzari
Elyvilon
Fedhas
Hepliaklqana
Kikubaaqudgha
Nemelex Xobeh
Sif Muna
Trog
Wu Jian
Xom
Yredelemnul
The Shining One

Annotations:
D:3 Grinder


Innate Abilities, Weirdness & Mutations

One of your tentacles has grown a beastly spike.
You cannot wear most types of armour.
You are amphibious.
You can wear up to eight rings at the same time.
Your skin changes colour to match your surroundings (Stealth+).
Your rubbery body absorbs attacks. (AC +1, EV +1)
((You are camouflaged when in or above water. (Stealth+)))
You have tentacles for arms and can constrict up to eight enemies at once.


Message History

You are too injured to fight recklessly!
You are too injured to fight recklessly!
You are too injured to fight recklessly!
You tentacle-slap the orc. You grab the orc.
You pierce the orc.
The orc is heavily wounded.
You constrict the orc, but do no damage.
The orc hits you but does no damage.
You tentacle-slap the orc but do no damage.
You pierce the orc, but do no damage.
You squeeze the orc.
You kill the orc!
Your tentacle spike disappears.
Things that are here:
a +0 dagger; a +0 scale mail You start resting.
You start resting.
HP restored.
You start waiting.
Done waiting.
There is a stone staircase leading down here.
Casting: Beastly Appendage (safe; 7% risk of failure)
Confirm with . or Enter, or press ? or * to list all spells.
One of your tentacles grows a vicious spike.
You climb downwards.
The goblin barely misses you. The orc priest hits you with a +0 mace.
There is a stone staircase leading up here.
You closely miss the orc priest. Your grab misses the orc priest.
Your transformation is almost over.
The goblin barely misses you. The orc priest hits you with a +0 mace!
You barely miss the orc priest. Your grab misses the orc priest.
The goblin closely misses you.
The orc priest mumbles some strange prayers to Beogh against you.
Beogh smites you!
You are too injured to fight recklessly!
You barely miss the orc priest. Your grab misses the orc priest.
You pierce the orc priest.
The orc priest is lightly wounded.
The goblin closely misses you.
The orc priest mumbles some strange prayers to Beogh against you.
Beogh smites you!
You die...

#. ###.####### .#
#.........## ..#
............##.#
##.....>........ ..
.............#
..#.............##
..........g@....#####
....##...#.o..........
.. #..#.#....#....###
#..#....#..#.#......#
#..#....##.........#
#.....>..............
#..##....#..........#
# #..#....#...#..#.##
#....#.#..#.#.##.....


You could see an orc priest and a goblin.

Vanquished Creatures
  A hound (D:3)
  2 adders (D:3)
  2 worms (D:2)
  A dart slug (D:1)
  2 orcs (D:3)
  11 ball pythons
  5 endoplasms
  2 giant cockroaches (D:1)
  4 goblins
  2 hobgoblins (D:1)
  3 jackals (D:2)
  A quokka (D:1)
  3 bats (D:1)
  4 frilled lizards
  4 kobolds
  5 rats (D:1)
52 creatures vanquished.

Vanquished Creatures (others)
  3 demonic plants (D:1)
  A fungus (D:1)
4 creatures vanquished.

Grand Total: 56 creatures vanquished

Notes
Turn   | Place    | Note
-------+----------+-------------------------------------------
     0 | D:1      | Zeld the Octopode Transmuter began the quest for the Orb.
     0 | D:1      | Reached XP level 1. HP: 13/13 MP: 3/3
   113 | D:1      | Reached skill level 1 in Poison Magic
   115 | D:1      | Reached XP level 2. HP: 6/18 MP: 3/5
   321 | D:1      | Learned a level 2 spell: Wereblood
   354 | D:1      | Found a faded altar of an unknown god.
   975 | D:1      | Reached XP level 3. HP: 21/23 MP: 6/6
   979 | D:1      | Learned a level 3 spell: Spider Form
  1033 | D:1      | Reached skill level 1 in Stealth
  2777 | D:3      | Noticed Grinder
  2795 | D:3      | Reached XP level 4. HP: 29/29 MP: 5/7
  3824 | D:4      | Noticed a scorpion
  4059 | D:4      | Found a staircase to the Ecumenical Temple.
  4070 | Temple   | Entered the Ecumenical Temple
  4497 | D:4      | Killed from afar by an orc priest

Illustrated notes

Levels and vault maps discovered:
D:1:      dpeg_arrival_rooms_with_view, layout_loops_ring,
          shapermc_ecumenical_altar_gd, minmay_pentomino_u4
D:2:      layout_basic
D:3:      layout_rooms, chequers_serial_rivers_micro_a, roderic_lattice_a,
          uniq_grinder
D:4:      layout_rooms, nicolae_gozag_seed_capital,
          minmay_temple_entry_mini_moons, uniq_duvessa
Temple:   nicolae_temple_x_marks_the_god

Skill      XL: |  1  2  3  4 |
---------------+-------------+-----
Poison Magic   | 1 |  1.5
Stealth        | 1 |  1.9
Fighting       | 2 |  2.0
Dodging        | |  2.2
Unarmed Combat | |  3.4
Spellcasting   | |  2.4
Transmutations | |  2.7
Ice Magic      | |  0.7

Action                   |  1- 3 |  4- 6 || total
-------------------------+-------+-------++-------
Melee: Unarmed           |    98 |    31 ||   129
       Kick              |    18 |    11 ||    29
       Constrict         |    26 |     7 ||    33
       Punch             |     4 |       ||     4
       Tentacles         |    17 |     5 ||    22
 Cast: Beastly Appendage |    26 |     8 ||    34
       Spider Form       |       |     1 ||     1
 Stab: Sleeping          |     8 |       ||     8
Armor: Skin              |     8 |     2 ||    10
Dodge: Dodged            |    59 |    31 ||    90
